 Dungeon Crawl Stone Soup version 0.29.1-14-g9c671dbff4 (webtiles) character file.

Game seed: 14297290992877608610

188 jimonade the Shooter (level 6, 0/46 HPs)
             Began as a Formicid Hunter on Feb 14, 2023.
             Succumbed to a water moccasin's poison
             ... in a sewer.
             The game lasted 00:05:13 (1332 turns).

jimonade the Shooter (Formicid Hunter)              Turns: 1332, Time: 00:05:13

Health: 0/46       AC:  3    Str: 15    XL:     6   Next: 0%
Magic:  6/6        EV: 12    Int: 11    God:
Gold:   90         SH:  0    Dex: 17    Spells: 5/5 levels left

rFire   . . .      SeeInvis +   a - +0 shortbow
rCold   . . .      Faith    .   (no shield)
rNeg    . . .      Spirit   .   c - +0 leather armour
rPois   .          Reflect  .   (helmet unavailable)
rElec   .          Harm     .   (no cloak)
rCorr   .          Rampage  .   (no gloves)
Will    .....                   (no boots)
Stlth   ++........              (no amulet)
HPRegen 0.15/turn               (no ring)
MPRegen 0.10/turn               (no ring)

@: lethally poisoned (0 -> -11)
A: permanent stasis, dig shafts and tunnels, antennae 3, four strong arms
a: Dig


You were in a sewer.
You visited 1 branch of the dungeon, and saw 3 of its levels.
You also visited: Sewer.

You collected 90 gold pieces.

Inventory:

Hand Weapons
 a - a +0 shortbow (weapon)
 j - the +1 mace of Linearity {speed, rF- rCorr Int+7}
   (You found it on level 2 of the Dungeon)

   Attacks with this weapon are significantly faster.
   Int:       It affects your intelligence (+7).
   rF:        It makes you vulnerable to fire.
   rCorr:     It protects you from acid and corrosion.
Armour
 c - a +0 leather armour (worn)
 k - a +1 robe of willpower
 m - a +0 chain mail
Magical Staves
 l - a staff of air
Wands
 i - a wand of roots (5) (quivered)
Scrolls
 b - a scroll of immolation
 e - 2 scrolls of identify {unknown}
 f - 2 scrolls of amnesia {unknown}
 h - 2 scrolls of fear {unknown}
Potions
 g - a potion of flight {unknown}


   Skills:
 + Level 2.6 Fighting
 * Level 6.3 Ranged Weapons
 + Level 1.1 Armour
 + Level 1.7 Dodging
 + Level 1.3 Stealth
 + Level 0.4 Evocations


You had 5 spell levels left.
You didn't know any spells.
Your spell library was empty.

Dungeon Overview and Level Annotations

Branches:
Dungeon (3/15)              Sewer (1/1)

Altars:

Shops:
D:1 ?[((


Innate Abilities, Weirdness & Mutations

You cannot be hasted, slowed, berserked, paralysed or teleported.
You can dig through walls and to a lower floor.
You have a pair of large antennae on your head. (SInv)
Your four strong arms can wield two-handed weapons with a shield.


Message History

You shoot an arrow.
The arrow closely misses the water moccasin.
The water moccasin barely misses you. x2
You shoot an arrow. The arrow misses the water moccasin.
The water moccasin bites you!
You are lethally poisoned!
The water moccasin poisons you! The water moccasin bites you.
* * * LOW HITPOINT WARNING * * *
You are too injured to fight recklessly!
You are too injured to fight recklessly!
You are too injured to fight recklessly!
You are too injured to fight recklessly!
You are too injured to fight recklessly!
You are too injured to fight recklessly!
You are too injured to fight recklessly!
Aiming: Fastroot
Press: ? - help, Q - select action, (/) - cycle Shift-Dir - straight line, f/p - water moccasin
Aim: a water moccasin (heavily wounded)
The roots erupt in riotous growth!
Roots grab the water moccasin.
The grasping roots constrict the water moccasin!
* * * LOW HITPOINT WARNING * * *
You feel very sick. The water moccasin closely misses you.
Aiming: Fastroot
Press: ? - help, Q - select action, (/) - cycle Shift-Dir - straight line, f - you, p - water moccasin The roots erupt in riotous growth!
The water moccasin is unaffected.
The grasping roots constrict the water moccasin!
You kill the water moccasin!
* * * LOW HITPOINT WARNING * * *
You feel very sick.
Your Ranged Weapons skill increases to level 6!
Your Armour skill increases to level 1!
You have reached level 5!
You have reached level 6!
There is a lethal amount of poison in your body!
There is a lethal amount of poison in your body!
There is a lethal amount of poison in your body!
It was a potion of cancellation.
You feel magically purged.
You die...

.
....#############
.....!.@.......∩#
....####.########
. #.# #.# #.# #.#
#.# ##.## ##...##


There were no monsters in sight!

Vanquished Creatures
  A water moccasin (Sewer)
  Jessica (D:2)
  Robin (D:2)
  A worm (D:2)
  5 endoplasms
  11 goblins
  6 hobgoblins
  4 jackals (D:1)
  A quokka (D:1)
  3 ball pythons (D:1)
  8 bats
  2 frilled lizards
  2 kobolds (D:1)
  2 rats (D:1)
48 creatures vanquished.

Notes
Turn   | Place    | Note
-------+----------+-------------------------------------------
     0 | D:1      | jimonade the Formicid Hunter began the quest for the Orb.
     0 | D:1      | Reached XP level 1. HP: 16/16 MP: 1/1
    42 | D:1      | Reached XP level 2. HP: 22/22 MP: 2/2
    52 | D:1      | Found Muutaudd's Armour Emporium.
    65 | D:1      | Found Abbukh's Weapon Emporium.
    77 | D:1      | Found Iqufuid's Weapon Shop.
   299 | D:1      | Reached XP level 3. HP: 27/27 MP: 3/3
   354 | D:1      | Found Xoirrull's Magic Scroll Shoppe.
   733 | D:2      | Reached skill level 5 in Ranged Weapons
   922 | D:2      | Noticed Jessica
   925 | D:2      | Killed Jessica
   926 | D:2      | Reached XP level 4. HP: 33/33 MP: 4/4
   998 | D:2      | Noticed Robin
  1005 | D:2      | Killed Robin
  1159 | D:2      | Identified the +1 mace of Linearity {speed, rF- rCorr
                  | Int+7}
  1275 | D:3      | Found a glowing drain.
  1297 | Sewer    | Entered a sewer
  1321 | Sewer    | Noticed a water moccasin
  1331 | Sewer    | Killed a water moccasin
  1332 | Sewer    | Reached skill level 6 in Ranged Weapons
  1332 | Sewer    | Reached skill level 1 in Armour
  1332 | Sewer    | Reached XP level 5. HP: 3/39 MP: 5/5
  1332 | Sewer    | Reached XP level 6. HP: 3/46 MP: 6/6
  1332 | Sewer    | Succumbed to a water moccasin's poison

Illustrated notes

Levels and vault maps discovered:
D:1:      scummos_arrival_checkerplants, layout_rooms, serial_shops,
          nicolae_diamond_shop, nicolae_shop_bloodbath_and_beyond, shop_statue,
          shop
D:2:      layout_basic, uniq_jessica, uniq_robin
D:3:      layout_rooms, cheibrodos_sewer_entry_sluice, uniq_crazy_yiuf_cottage
Sewer:    sewer_big_baddie

Skill      XL: |  1  2  3  4 |
---------------+-------------+-----
Ranged Weapons | 5 6 |  6.3
Armour         | 1 |  1.1
Fighting       | |  2.6
Dodging        | |  1.7
Stealth        | |  1.3
Evocations     | |  0.4

Action                   |  1- 3 |  4- 6 || total
-------------------------+-------+-------++-------
 Fire: Shortbow          |    81 |    16 ||    97
 Abil: Dig               |       |    15 ||    15
Evoke: Wand              |       |     7 ||     7
  Use: Potion            |       |     1 ||     1
Armor: Leather armour    |    12 |     7 ||    19
Dodge: Dodged            |    20 |    14 ||    34
